 Dungeon Crawl Stone Soup version 0.32-a0-968-g61e5eb5241 (webtiles) character file.

Game seed: 3485922558675086763

14796 Ajdolov the Frost Mage (level 11, -2/90 HPs)
             Began as a Mummy Ice Elementalist on Apr 17, 2024.
             Was an Initiate of Gozag.
             Slain by Fannar
             ... wielding a +0 quarterstaff of freezing
              (10 damage)
             ... on level 10 of the Dungeon.
             The game lasted 00:22:36 (13143 turns).

Ajdolov the Frost Mage (Mummy Ice Elementalist)    Turns: 13143, Time: 00:22:37

Health: -2/90      AC:  6    Str: 11    XL:     11   Next: 93%
Magic:  24/24      EV: 11    Int: 26    God:    Gozag
Gold:   1076       SH:  0    Dex: 16    Spells: 16/29 levels left

rFire   . . .        q - +5 quarterstaff of Midnight {elec, rF+ Dex+4}
rCold   + . .        (shield currently unavailable)
rNeg    + + +        w - +0 steam dragon scales
rPois   ∞            n - +0 helmet
rElec   .            (no cloak)
rCorr   .            (no gloves)
SInv    .            (no boots)
Will    +....        (no amulet)
Stlth   ++           k - +6 ring of intelligence
HPRegen 0.35/turn    y - +4 ring of slaying
MPRegen 0.19/turn

%: faith
@: no status effects
A: cold resistance 1, negative energy resistance 3, torment resistance 2, heat
vulnerability 1, in touch with death 1, no potions, faith
a: Renounce Religion, Potion Petition, Call Merchant, Bribe Branch


You were on level 10 of the Dungeon.
You worshipped Gozag.
Gozag was most pleased with you.
You visited 3 branches of the dungeon, and saw 13 of its levels.

You collected 1265 gold pieces.
You paid 189 gold pieces to Gozag.

Inventory:

Hand Weapons
 e - the +9 hand axe "Nuthrokhlu" {freeze, Dex+3}
   (You took it off a kobold on level 2 of the Dungeon)

   Dex+3:     It affects your dexterity (+3).
 l - the +10 dagger "Meacseys" {spect, rPois Int+3}
   (You found it on level 5 of the Dungeon)

   Int+3:     It affects your intelligence (+3).
   rPois:     It protects you from poison.
 q - the +5 quarterstaff of Midnight (weapon) {elec, rF+ Dex+4}
   (You found it on level 7 of the Dungeon)

   Dex+4:     It affects your dexterity (+4).
   rF+:       It protects you from fire.
Missiles
 t - 4 curare-tipped darts
Armour
 m - the +2 buckler of Objectivity {^Drain rCorr Int+5 Dex+3}
   (You found it on level 5 of the Dungeon)

   Int+5:     It affects your intelligence (+5).
   Dex+3:     It affects your dexterity (+3).
   rCorr:     It protects you from acid and corrosion.
   ^Drain:    It drains your maximum health when unequipped.
 n - a +0 helmet (worn)
 w - +0 steam dragon scales (worn)
 x - a +0 kite shield of protection
Magical Staves
 v - a staff of cold
Jewellery
 i - a ring of magical power
 k - a +6 ring of intelligence (left hand)
 p - a ring of protection from fire
 y - a +4 ring of slaying (right hand)
 E - a ring of willpower
Wands
 j - a wand of flame (86)
 o - a wand of polymorph (6)
 s - a wand of warping (12)
Scrolls
 a - a scroll of fear
 b - 2 scrolls of poison
 c - 4 scrolls of enchant weapon
 d - a scroll of noise {unknown}
 f - a scroll of torment
 g - 2 scrolls of summoning
 h - 5 scrolls of teleportation
 r - a scroll of amnesia
 u - a scroll of enchant armour {unknown}
 z - a scroll of blinking
 A - a scroll of immolation
 C - a scroll of acquirement {unknown}
 D - a scroll of silence {unknown}
 F - a scroll of fog {unknown}


   Skills:
 - Level 10.0 Fighting
 - Level 1.5 Dodging
 - Level 1.5 Stealth
 + Level 9.8 Spellcasting
 - Level 12.0 Ice Magic
 + Level 4.9 Evocations


You had 16 spell levels left.
You knew the following spells:

 Your Spells              Type           Power      Damage    Failure   Level
a - Freeze                Ice            100%       1d10      1%          1
b - Frozen Ramparts       Ice            100%       1d16      1%          3
c - Ozocubu's Armour      Ice            66%        N/A       1%          3
d - Summon Ice Beast      Ice/Summ       43%        N/A       1%          3
e - Hailstorm             Conj/Ice       43%        3d9       1%          3

Your spell library contained the following spells:

 Spells                   Type           Power      Damage    Failure   Level
 Lesser Beckoning         Tloc           24%        N/A       7%          2
 Maxwell's Portable Pile  Tloc           12%        2d(6-17)  14%         3
 Teleport Other           Tloc           12%        N/A       14%         3


Dungeon Overview and Level Annotations

Branches:
Dungeon (11/15)            Temple (1/1) D:4            Lair (0/5) D:10
    Orc (1/2) D:9

Altars:
Ashenzari
Cheibriados
Dithmenos
Fedhas
Gozag
Hepliaklqana
Kikubaaqudgha
Makhleb
Nemelex Xobeh
Okawaru
Qazlal
Ru
Sif Muna
Trog
Uskayaw
Vehumet
Wu Jian
Xom
Yredelemnul

Shops:
D:10 :

Portals:
Trove: D:10 (give 15 scrolls of teleportation)

Annotations:
D:4 1 runed translucent door, Crazy Yiuf
D:10 Fannar
D:11 3 runed translucent doors, tensugalgo's ghost, journeyman CoGl


Innate Abilities, Weirdness & Mutations

You are immune to poison.
Your flesh is cold resistant. (rC+)
You are immune to negative energy. (rN+++)
You are immune to unholy pain and torment.
You are vulnerable to heat. (rF-)
You are in touch with the powers of death.
You do not drink.
You have a special connection with the divine. (Faith)


Message History

The ice beast hits your ice beast but does no damage.
Your ice beast hits the ice beast.
Your ice beast freezes the ice beast.
The ice beast completely resists.
The ice beast hits your ice beast but does no damage.
Your ice beast hits the ice beast but does no damage.
The ice beast hits your ice beast but does no damage.
Your ice beast completely misses the ice beast.
The ice beast hits your ice beast but does no damage.
Your ice beast misses the ice beast.
The ice beast barely misses your ice beast.
The ice beast closely misses your ice beast.
Your ice beast misses the ice beast.
The ice beast completely misses your ice beast.
The ice beast hits your ice beast. The ice beast freezes your ice beast.
Your ice beast completely resists.
Your ice beast hits the ice beast.
Your ice beast freezes the ice beast.
The ice beast completely resists.
You start resting.
Magic restored.
You start resting.
Fannar is nearby!
Fannar mumbles some strange words.
Fannar mumbles some strange words.
Fannar drains the heat from the surrounding environment!
You resist.
* * * LOW HITPOINT WARNING * * *
Fannar mumbles some strange words.
Fannar drains the heat from the surrounding environment!
You resist.
* * * LOW HITPOINT WARNING * * *
Fannar mumbles some strange words.
Fannar drains the heat from the surrounding environment!
You resist.
* * * LOW HITPOINT WARNING * * *
There is a stone staircase leading up here.
Fannar gestures wildly while chanting.
Fannar drains the heat from the surrounding environment!
You resist.
You die...
Your body crumbles into a pile of gold.

#......#####.####.###.Y##
######..# #.# #.# #..#
#.......# #.# #.# #..#
#.#####[### #.####.# #..##
#.#...[)).###....#.# #.e.#
#.#.......(..).#.#.###.#..
##.#......(####......e..#..
#........#...##..e.#.......
#........#@...Y..#...#..##.
#........#.....#...#...#..#
#........#...#...#...#...#.
#..........#...#...#...#...
########.#...#...#...#...#.
#..........#...#...#...#...
#........#...#...#...#...#.
#..........#...#...#...#...
#........#...#...#...#...#.


You could see Fannar and an ice beast (summoned).

Vanquished Creatures
  A two-headed ogre (D:10)
  2 elephants (D:10)
  Joseph (D:7)
  Maggie (D:7)
  A kobold demonologist (D:9)
  Psyche (D:10)
  3 red devils (D:8)
  5 trolls
  Prince Ribbit (D:7)
  2 vampires
  A wraith (D:9)
  19 yaks
  4 wyverns
  A warg (D:9)
  2 steam dragons
  4 acid dragons
  2 water moccasins
  8 orc warriors
  An ice beast (D:6)
  A black bear (D:10)
  4 sky beasts
  2 centaurs
  6 kobold brigands
  8 bullfrogs
  2 gnoll sergeants (D:7)
  4 scorpions
  A wight (D:9)
  4 killer bees
  8 electric eels
  A bombardier beetle (D:4)
  5 howler monkeys
  2 hounds
  4 orc priests
  3 jellies
  A sleepcap (D:5)
  4 iguanas
  Natasha (thrice) (D:4)
  8 orc wizards
  15 gnolls
  9 adders
  A shadow imp (D:8)
  A white imp (D:7)
  2 ufetubi (D:7)
  5 dart slugs
  5 ribbon worms
  18 orcs
  8 ball pythons
  5 endoplasms
  3 giant cockroaches
  4 goblins
  8 hobgoblins
  A jackal (D:4)
  41 kobolds
  3 quokkas
  5 bats
  4 frilled lizards
  9 rats
  A spectral kobold (D:3)
279 creatures vanquished.

Vanquished Creatures (collateral kills)
  A two-headed ogre (D:9)
  A yak (D:10)
  A basilisk (D:9)
  An orc warrior (D:9)
  An ice beast (D:6)
  A black bear (D:4)
  3 kobolds (D:8)
9 creatures vanquished.

Vanquished Creatures (others)
  2 kobolds (D:10)
2 creatures vanquished.

Grand Total: 290 creatures vanquished

Notes
Turn   | Place    | Note
-------+----------+-------------------------------------------
     0 | D:1      | Ajdolov the Mummy Ice Elementalist began the quest for the
                  | Orb.
     0 | D:1      | Reached XP level 1. HP: 13/13 MP: 4/4
   359 | D:1      | Reached XP level 2. HP: 13/19 MP: 3/6
  1183 | D:2      | Identified the +9 hand axe "Nuthrokhlu" {freeze, Dex+3}
  1216 | D:2      | Reached XP level 3. HP: 24/24 MP: 8/8
  1223 | D:2      | Learned a level 3 spell: Frozen Ramparts
  1227 | D:2      | Learned a level 3 spell: Ozocubu's Armour
  1246 | D:2      | Found a hazy altar of Hepliaklqana.
  1356 | D:2      | Reached skill level 4 in Ice Magic
  1563 | D:2      | Reached XP level 4. HP: 30/30 MP: 6/10
  1849 | D:3      | Found a hazy altar of Hepliaklqana.
  2049 | D:3      | Reached XP level 5. HP: 21/35 MP: 4/12
  2050 | D:3      | Reached skill level 5 in Spellcasting
  2191 | D:3      | Found a broken altar of Ashenzari.
  2191 | D:3      | Found an ancient bone altar of Kikubaaqudgha.
  2191 | D:3      | Found a blossoming altar of Fedhas.
  2911 | D:3      | Noticed a moth of wrath
  2914 | D:3      | Found a bloodstained altar of Trog.
  2956 | D:3      | Reached XP level 6. HP: 36/41 MP: 14/14
  3152 | D:4      | Found a staircase to the Ecumenical Temple.
  3180 | D:4      | Reached skill level 5 in Ice Magic
  3232 | Temple   | Entered the Ecumenical Temple
  3396 | D:4      | Noticed Natasha
  3399 | D:4      | Killed Natasha
  3408 | D:4      | Noticed Natasha
  3411 | D:4      | Killed Natasha
  3438 | D:4      | Noticed Natasha
  3449 | D:4      | Killed Natasha
  3567 | D:4      | Found a runed translucent door.
  3568 | D:4      | Noticed Crazy Yiuf
  3758 | D:4      | Reached XP level 7. HP: 43/46 MP: 17/17
  3818 | D:4      | Found a hide-covered altar of Uskayaw.
  3823 | D:4      | Learned a level 3 spell: Summon Ice Beast
  4235 | D:5      | Entered Level 5 of the Dungeon
  4366 | D:5      | Found a snail-covered altar of Cheibriados.
  4413 | D:5      | Identified the +10 dagger "Meacseys" {spect, rPois Int+3}
  4577 | D:5      | Identified the +2 buckler of Objectivity {^Drain rCorr
                  | Int+5 Dex+3}
  4605 | D:5      | Reached skill level 6 in Ice Magic
  5077 | D:6      | Reached skill level 1 in Fighting
  5077 | D:6      | Reached XP level 8. HP: 54/54 MP: 20/20
  5192 | D:6      | Reached skill level 1 in Evocations
  5278 | D:6      | Reached skill level 7 in Ice Magic
  6112 | D:7      | Noticed Prince Ribbit
  6124 | D:7      | Killed Prince Ribbit
  6125 | D:7      | Reached XP level 9. HP: 56/67 MP: 15/21
  6208 | D:7      | Reached skill level 5 in Fighting
  6265 | D:7      | Identified the +5 quarterstaff of Midnight {elec, rF+
                  | Dex+4}
  6293 | D:7      | Noticed Maggie
  6317 | D:7      | Killed Maggie
  6497 | D:7      | Found a sparkling altar of Nemelex Xobeh.
  6512 | D:7      | Noticed Joseph
  6522 | D:7      | Reached skill level 8 in Ice Magic
  6588 | D:7      | Killed Joseph
  7186 | D:7      | Found a sacrificial altar of Ru.
  8015 | D:8      | Learned a level 3 spell: Hailstorm
  8141 | D:8      | Identified the +8 arbalest of a treasure trove {freeze,
                  | Will+ Str+3 Int-4 Dex+3}
  8225 | D:8      | Reached XP level 10. HP: 79/79 MP: 15/22
  8327 | D:8      | Reached skill level 9 in Ice Magic
  9272 | D:9      | Noticed a two-headed ogre
  9277 | D:9      | HP: 4/82 [two-headed ogre/+0 giant club (14)]
  9277 | D:9      | Killed a two-headed ogre
  9278 | D:9      | Reached skill level 10 in Ice Magic
  9543 | D:9      | Found a staircase to the Orcish Mines.
  9797 | D:9      | Noticed a rust devil
  9882 | D:9      | Reached skill level 10 in Fighting
  9882 | D:9      | Reached XP level 11. HP: 52/90 MP: 21/23
 10235 | D:9      | Found an opulent altar of Gozag.
 10242 | D:9      | Became a worshipper of Gozag Ym Sagoz the Greedy
 10297 | D:9      | Identified the +6 war axe of Cheibriados {holy, Str+5}
 10430 | D:9      | Reached skill level 11 in Ice Magic
 10572 | D:9      | Identified the +0 robe of Pathos {Will++ Dex+4}
 11044 | Orc:1    | Entered Level 1 of the Orcish Mines
 11083 | D:10     | Entered Level 10 of the Dungeon
 11085 | D:10     | Noticed Psyche
 11095 | D:10     | Killed Psyche
 11769 | D:10     | Reached skill level 12 in Ice Magic
 11994 | D:10     | Noticed a two-headed ogre
 12007 | D:10     | Killed a two-headed ogre
 12129 | D:10     | Found a staircase to the Lair.
 12214 | D:10     | Found Ibutoeb's Book Shoppe.
 12435 | D:10     | Found a portal to a secret trove of treasure.
 12444 | D:11     | Noticed a minotaur
 12445 | D:11     | Noticed tensugalgo's ghost (journeyman CoGl)
 12596 | D:11     | Found a runed translucent gate.
 12596 | D:11     | Found a runed translucent gate.
 12596 | D:11     | Found a runed translucent gate.
 12741 | D:11     | Noticed Fannar
 13143 | D:10     | Slain by Fannar

Illustrated notes

Levels and vault maps discovered:
D:1:      ncdulo_halloftheorcs, layout_basic, serial_bayou, serial_bayou_pond_a,
          serial_bayou_lagoon_a, serial_bayou_pond_e, serial_bayou_lake_a,
          palyth_stone_intersect
D:2:      layout_basic, basic_altar
D:3:      layout_loops_corners, tgw_trog,
          nicolae_hepliaklqana_monster_ancestors, gammafunk_temple_overflow_claw
D:4:      layout_basic, nicolae_uskayaw_dance_hall, minmay_temple_entry_mist,
          minmay_surrounded, uniq_natasha, uniq_crazy_yiuf_cottage
D:5:      layout_basic, mainiacjoe_overflow_tiny_flanked
D:6:      layout_loops_ring, st_stairs_3, minmay_misc_feat_cross,
          serial_bayou_pond_d
D:7:      layout_layer_cave, mainiacjoe_overflow_boulevard,
          mainiacjoe_overflow_surrounded_room, serial_bayou,
          serial_bayou_shore_a, serial_bayou_pond_b, serial_bayou_pond_d,
          serial_bayou_ford_a, uniq_prince_ribbit1, uniq_maggie, uniq_joseph
D:8:      kennysheep_kobold_camp, layout_cave_pools,
          einodemon_armed_red_devil_minivault
D:9:      layout_basic, nicolae_overflow_crystal_walls, david_orc_1_choice,
          minmay_fractal_squares_5
D:10:     layout_basic, grunt_lair_entry_orc_guard_hut, serial_shops,
          kennysheep_little_box, enter_trove_0, hex_large,
          minmay_misc_feat_secret_circle, uniq_psyche
D:11:     layout_basic, maelrawn_ghost_gauntlet_escape, uniq_fannar
Temple:   nicolae_temple_ecumenical_triangle
Orc:1:    layout_caves, guppyfry_library_mini

Skill      XL: |  1  2  3  4  5  6  7  8  9 10 11 |
---------------+----------------------------------+-----
Spellcasting   | 3 4 5 6 8 9 |  9.8
Ice Magic      | 4 5 6 7 8 10 12 | 12.0
Fighting       | 1 4 7 10 | 10.0
Evocations     | 3 4 |  4.9
Dodging        | |  1.5
Stealth        | |  1.5

Action                     |  1- 3 |  4- 6 |  7- 9 | 10-12 || total
---------------------------+-------+-------+-------+-------++-------
  Melee: Rapier            |    11 |       |       |       ||    11
         Hand axe          |    18 |    82 |    52 |       ||   152
         Quarterstaff      |       |       |    24 |   194 ||   218
   Cast: Freeze            |    31 |       |     2 |       ||    33
         Frozen Ramparts   |     1 |    18 |    36 |    38 ||    93
         Ozocubu's Armour  |       |     4 |    20 |    29 ||    53
         Summon Ice Beast  |       |       |     7 |    12 ||    19
  Evoke: Wand              |       |       |    13 |     5 ||    18
    Use: Scroll            |       |       |       |     8 ||     8
   Stab: Sleeping          |     4 |     7 |       |       ||    11
 Armour: Robe              |    22 |    57 |    94 |    25 ||   198
         Steam dragon scal |       |       |       |   209 ||   209
  Dodge: Dodged            |    25 |    41 |    52 |   148 ||   266

Table legend: (Time is in decaauts)
 A = Elapsed time spent in this place.
 B = Non-inter-level travel time spent in this place.
 C = Inter-level travel time spent in this place.
 D = Time resting spent in this place.
 E = Time spent auto-exploring this place.
 F = Levels seen in this place.
 G = Mean time per level.
                   A        B        C        D        E       F      G
               +--------+--------+--------+--------+--------+-----+--------+
         Total |  13328 |  13017 |    311 |   1152 |   9490 |  13 | 1025.2 |
       Dungeon |  13311 |  13000 |    311 |   1152 |   9490 |  11 | 1210.1 |
        Temple |     14 |     14 |      0 |      0 |      0 |   1 |   14.0 |
  Orcish Mines |      1 |      1 |      0 |      0 |      0 |   1 |    1.0 |
               +--------+--------+--------+--------+--------+-----+--------+

Top non-repeatable levels by time:
     D:7: 2301 daAuts
     D:9: 1994 daAuts
    D:10: 1738 daAuts
     D:3: 1335 daAuts
     D:6: 1113 daAuts
     D:4: 1075 daAuts
     D:8: 1029 daAuts
     D:1: 954 daAuts
     D:2: 917 daAuts
     D:5: 493 daAuts
    D:11: 359 daAuts
  Temple: 14 daAuts
   Orc:1: 1 daAuts
